AoeStats
← 根本赢不了

Arena

510456830Analyzed
4v4 RM · 5h ago on Oct 1, 2026· 39m 28s· 8 players
Game mode
Random Map
Map size
Large (8 player)
Population
200
Speed
Normal
Resources
Standard
Victory
Conquest
Starting age
Dark Age
Ending age
Imperial Age
RankedLock teamsTeams togetherTeam positionsShared explorationLock speedFull tech treeHidden civsTurbo modeCheats
Victory
Defeat
🇨🇳 Poles · China
1232
+15
🇨🇳 Varangians · China
1202
+26
🇨🇳 Saracens · China
1198
+16
🇨🇳 Spanish · China
1178
+17
🇲🇽 Persians · Mexico
1256
-18
🇨🇳 Varangians · China
1230
-17
🇺🇸 Cumans · United States
1185
-15
🇦🇷 Bulgarians · Argentina
1146
-14
根本赢不了
11:01 Feudal Age
12:55 Double-Bit Axe
15:16 Castle Age
13:23 Horse Collar
16:13 Bow Saw
18:12 Loom
21:10 Gold Mining
24:27 Wheelbarrow
28:43 Imperial Age
26:08 Stone Mining
26:38 Heavy Plow
26:54 Scale Mail Armor
27:05 Forging
27:16 Hand Cart
28:03 Chain Mail Armor
28:23 Squires
28:08 Arson
30:15 Plate Mail Armor
29:25 Capped Ram
30:55 Iron Casting
30:39 Town Watch
30:29 Siege Ram
31:23 Elite Varangian Guard
33:11 Blast Furnace
34:03 Conscription
33:47 Gambesons
34:59 Stone Shaft Mining
35:25 Gothikon
37:17 Siege Engineers
37:24 Guilds
RedScott
2:12 Loom
11:10 Feudal Age
15:41 Castle Age
14:04 Double-Bit Axe
14:25 Stone Mining
14:18 Horse Collar
15:06 Gold Mining
16:51 Bow Saw
19:08 Heavy Plow
28:11 Masonry
31:01 Gold Shaft Mining
34:58 Wheelbarrow
36:45 Hand Cart
39:43 Fortified Wall
EU _XING
11:06 Feudal Age
11:50 Horse Collar
15:36 Castle Age
17:32 Wheelbarrow
16:59 Loom
17:50 Wheelbarrow
17:02 Loom
17:28 Double-Bit Axe
18:45 Bow Saw
22:37 Heavy Plow
24:04 Hand Cart
24:12 Gold Mining
25:26 Town Watch
26:06 Caravan
30:26 Imperial Age
28:53 Forging
28:43 Scale Mail Armor
29:10 Stone Mining
28:46 Pikeman
29:28 Squires
30:37 Ballistics
31:14 Fortified Wall
30:34 Halberdier
32:37 Two-Man Saw
32:18 Stone Shaft Mining
32:49 Chemistry
33:18 Iron Casting
32:58 Chain Mail Armor
33:18 Iron Casting
32:58 Chain Mail Armor
32:39 Arson
33:05 Murder Holes
33:26 Scale Barding Armor
33:12 Fletching
33:23 Padded Archer Armor
33:47 Conscription
35:01 Blast Furnace
34:43 Gambesons
35:46 Plate Mail Armor
35:11 Bodkin Arrow
35:33 Leather Archer Armor
35:38 Chain Barding Armor
37:16 Chain Barding Armor
37:23 Bracer
37:39 Masonry
37:16 Arrowslits
39:02 Ring Archer Armor
39:08 Plate Barding Armor
Hsaheyhd
1:27 Loom
10:53 Feudal Age
12:31 Feudal Age
13:05 Horse Collar
16:57 Castle Age
18:22 Wheelbarrow
19:08 Heavy Plow
20:39 Double-Bit Axe
27:08 Bow Saw
30:53 Bloodlines
30:50 Husbandry
30:56 Scale Barding Armor
31:02 Forging
33:33 Chain Barding Armor
33:31 Hand Cart
36:10 Imperial Age
36:21 Imperial Age
34:28 Iron Casting
35:10 Stone Mining
35:11 Gold Mining
36:22 Cavalier
38:10 Blast Furnace
37:44 Crop Rotation
37:54 Stone Shaft Mining
Boywars
10:09 Feudal Age
11:10 Loom
15:04 Castle Age
14:02 Horse Collar
15:55 Heavy Plow
15:43 Double-Bit Axe
22:55 Bow Saw
29:39 Imperial Age
27:34 Town Watch
28:31 Scale Barding Armor
28:36 Forging
28:31 Husbandry
28:41 Bloodlines
30:37 Chain Barding Armor
30:53 Iron Casting
30:12 Cavalier
32:11 Wheelbarrow
32:11 Gold Mining
33:43 Gold Shaft Mining
35:39 Chemistry
34:33 Fletching
35:52 Conscription
35:03 Savar
36:48 Kamandaran
37:51 Ballistics
37:29 Bodkin Arrow
38:34 Blast Furnace
38:10 Plate Barding Armor
38:45 Padded Archer Armor
38:47 Scale Mail Armor
38:32 Crossbowman
El Fantasma de Pancho Villa
15:16 Feudal Age
16:47 Man-at-Arms
17:48 Scale Mail Armor
17:59 Double-Bit Axe
18:54 Forging
25:59 Fletching
26:10 Padded Archer Armor
25:58 Horse Collar
29:32 Castle Age
28:32 Wheelbarrow
27:57 Gold Mining
30:28 Hand Cart
29:45 Crossbowman
31:27 Gold Shaft Mining
30:55 Bodkin Arrow
31:31 Leather Archer Armor
36:12 Imperial Age
34:42 Steppe Husbandry
34:52 Stone Mining
36:35 Ballistics
38:01 Chemistry
37:34 Ring Archer Armor
37:33 Parthian Tactics
37:15 Thumb Ring
624932690
9:56 Feudal Age
13:47 Castle Age
11:58 Double-Bit Axe
11:56 Horse Collar
14:52 Bow Saw
14:52 Heavy Plow
20:49 Wheelbarrow
23:29 Hand Cart
23:59 Loom
24:58 Gold Mining
25:01 Town Watch
25:36 Stone Mining
29:01 Imperial Age
27:25 Scale Barding Armor
28:14 Chain Barding Armor
28:05 Forging
30:20 Plate Barding Armor
30:30 Iron Casting
31:38 Conscription
31:30 Bloodlines
31:20 Husbandry
32:22 Blast Furnace
31:27 Elite Jarl
星辰
1:55 Loom
12:01 Feudal Age
16:30 Castle Age
14:30 Double-Bit Axe
15:49 Stone Mining
15:49 Horse Collar
16:18 Gold Mining
18:28 Fletching
35:54 Imperial Age
33:14 Town Watch
34:05 Wheelbarrow
34:36 Ballistics
34:13 Bodkin Arrow
36:51 Forging
36:54 Bow Saw
37:20 Gold Shaft Mining
36:48 Bracer
Connection lost

Rejoining the realm…

Still unreachable

The connection could not be restored.

Session expired

The server has moved on; the page needs a fresh start.